Connexion

Gulls vs Monsters

Created - 18 décembre 2023 at 08:05

Goals
1 2 3 OT1 T
Gulls 1 0 0 1 2
Monsters 1 0 0 0 1
Shots
1 2 3 OT1 T
Gulls 10 10 11 1 32
Monsters 8 4 16 1 29

GoalsPenalties
1st period
1. Monsters , Dysin Mayo 7 (Andrew Poturalski 28, Nicholas Abruzzese 38) at 12:30
2. Gulls , Dylan Sikura 23 (Ryan Shea 25, Sam Kurker 13) at 12:52
Mirco Mueller (SAN) for High sticking (Minor) at 3:13
Nathan Walker (CLE) for Holding (Minor) at 17:47
2nd period
No Goal
Mason Geertsen (CLE) for Tripping (Minor) at 1:47
Carsen Twarynski (CLE) for High sticking (Minor) at 4:01
Alex Formenton (CLE) for High sticking (Minor) at 15:24
3rd period
No Goal
Philippe Desrosiers (SAN) for Delaying the game (Minor) at 17:53 - Dalton Smith served the penalty.
Overtime #1
3. Gulls , Mirco Mueller 9 (Lukas Vejdemo 11, Dalton Smith 9) at 1:24
No Penalty
Goalie Stats
Philippe Desrosiers (SAN), 28 saves from 29 shots - (0,966), W, 17-18-2, 61:25 minutes
Kevin Mandolese (CLE), 30 saves from 32 shots - (0,938), OTL, 24-13-2, 61:25 minutes
3 StarsOfficial
1 - Mirco Mueller (SAN)
2 - Philippe Desrosiers (SAN)
3 - Dylan Sikura (SAN)
Referees : Chris Rooney and Don Koharski
Linesman : Tony Sericolo and Pierre Racicot
Game Note
No Game Note
Finance
Level 1 -- Attendance: 1606 (80,30%) -- Ticket Income $64,240
Level 2 -- Attendance: 1000 (100,00%) -- Ticket Income $20,000
Total Attendance: 2606 (86,87%)
Total Ticket Income: $84,240
Other Income: $16,848
Total Income: $101,088



Team Name Goals Shots Shots Attemp Shots Blocked PIM HIT PP PK FO%
Gulls 2327684230 / 4 (0%)049%
Monsters 12958138240 / 2 (0%)051%

Gulls
Player Name POS G A P +/- PIM HIT SHT SB MP PP MP PP SHT PK MP PK SHT FO% FOT
Arnaud DurandeauLW000-1012014:443:3900:0000% 0
Dalton SmithLW0111014022:220:0500:000100% 1
Dmitry KulikovD0000020224:013:5202:0200% 0
Dylan SikuraC/LW/RW1011016021:094:3620:24020% 5
Gustav BourammanD000-1030113:460:0001:5600% 0
Jack BadiniC/LW000000108:390:0002:15167% 12
Johan SodergranRW000-1001014:443:3910:0000% 1
Linus OlundC0001015022:244:3231:43042% 26
Lucas CarlssonD0000001122:423:3812:0200% 0
Lukas VejdemoC/LW/RW0111003018:362:4300:00054% 26
Malte StromwallRW000000106:240:0000:000100% 1
Marcus KallionkelliLW000000000:000:0000:0000% 0
Mathias LaferriereRW0000022115:330:0000:0000% 1
Mirco MuellerD1012282123:233:5000:0000% 0
Ryan SheaD0111000122:493:3500:0000% 0
Sam KurkerRW0111032021:364:1702:1500% 1
TJ HensickC/RW000-1000012:410:1701:19050% 14
Trevor MurphyD000-1012114:430:5701:5600% 0
Monsters
Player Name POS G A P +/- PIM HIT SHT SB MP PP MP PP SHT PK MP PK SHT FO% FOT
Adam GinningD0000001320:371:5303:1200% 0
Alex FormentonLW0000224022:392:0513:40060% 5
Andrew PoturalskiC/RW0110023021:422:0502:420100% 4
Anthony AngelloC/RW0000040111:160:0000:0000% 1
Blade JenkinsC/LW0000024011:160:0000:00050% 16
Blake SiebenalerD0000001217:210:0002:0800% 0
Carsen TwarynskiLW0000202011:150:0000:0000% 0
Chris BigrasD0000000214:490:0000:0400% 0
Dysin MayoD1010022224:102:0514:1600% 0
Justin BaileyRW000000006:190:0000:0000% 0
Mason GeertsenD0000261120:161:5302:3410% 0
Max WillmanC/LW0000011018:471:5302:03058% 31
Nathan WalkerLW000020007:340:0001:1600% 1
Nicholas AbruzzeseC/LW0110005122:372:0514:52033% 21
Nicolas PetanC/LW/RW000-1011017:121:5300:1800% 1
Ryan FitzgeraldC/LW000000006:190:0000:00067% 6
Sean DayD000-1002124:112:0503:3810% 0
Tim GettingerLW000-1042017:551:5301:01050% 2



Play-by-Play

1st period


0:01 of 1st period - Nicholas Abruzzese wins face-off versus Lukas Vejdemo in neutral zone.
0:36 of 1st period - Icing by Dalton Smith.
0:37 of 1st period - Lukas Vejdemo wins face-off versus Max Willman in Gulls zone.
0:58 of 1st period - Shot by Adam Ginning.
0:58 of 1st period - Stopped by Philippe Desrosiers without a rebound.
0:59 of 1st period - Linus Olund wins face-off versus Anthony Angello in Gulls zone.
0:59 of 1st period - Linus Olund is hit by Anthony Angello.
1:02 of 1st period - Lucas Carlsson is hit by Blade Jenkins and loses puck.
1:11 of 1st period - Shot by Blade Jenkins.
1:11 of 1st period - Shot Misses the Net.
1:13 of 1st period - Shot by Blade Jenkins.
1:13 of 1st period - Stopped by Philippe Desrosiers without a rebound.
1:14 of 1st period - Ryan Fitzgerald wins face-off versus TJ Hensick in Gulls zone.
1:36 of 1st period - Icing by Trevor Murphy.
1:37 of 1st period - TJ Hensick wins face-off versus Max Willman in Gulls zone.
1:37 of 1st period - TJ Hensick is hit by Tim Gettinger.
1:45 of 1st period - Shot by Arnaud Durandeau.
1:45 of 1st period - Shot Blocked by Adam Ginning.
1:47 of 1st period - Shot by Trevor Murphy.
1:47 of 1st period - Stopped by Kevin Mandolese without a rebound.
1:48 of 1st period - Blade Jenkins wins face-off versus Linus Olund in Monsters zone.
1:48 of 1st period - Blade Jenkins is hit by Sam Kurker.
1:56 of 1st period - Shot by Blake Siebenaler.
1:56 of 1st period - Shot Misses the Net.
1:58 of 1st period - Shot by Blade Jenkins.
1:58 of 1st period - Stopped by Philippe Desrosiers with a rebound.
2:00 of 1st period - Shot by Chris Bigras.
2:00 of 1st period - Shot Blocked by Dmitry Kulikov.
2:38 of 1st period - Carsen Twarynski is hit by Dalton Smith and loses puck.
3:11 of 1st period - Icing by Ryan Shea.
3:12 of 1st period - Max Willman wins face-off versus Jack Badini in Gulls zone.
3:12 of 1st period - Nicolas Petan is hit by Mirco Mueller and loses puck.
3:13 of 1st period - Minor Penalty to Mirco Mueller for High sticking.
3:14 of 1st period - Nicholas Abruzzese wins face-off versus Jack Badini in Gulls zone.
3:14 of 1st period - Andrew Poturalski is hit by Gustav Bouramman and loses puck.
3:25 of 1st period - Shot by Nicholas Abruzzese.
3:25 of 1st period - Shot Misses the Net.
3:27 of 1st period - Shot by Alex Formenton.
3:27 of 1st period - Stopped by Philippe Desrosiers without a rebound.
3:28 of 1st period - TJ Hensick wins face-off versus Max Willman in Gulls zone.
3:34 of 1st period - Icing by Adam Ginning.
3:35 of 1st period - Jack Badini wins face-off versus Max Willman in Monsters zone.
3:44 of 1st period - Shot by Jack Badini.
3:44 of 1st period - Stopped by Kevin Mandolese with a rebound.
4:18 of 1st period - Shot by Linus Olund.
4:18 of 1st period - Shot Misses the Net.
4:54 of 1st period - Shot by Sean Day.
4:54 of 1st period - Shot Blocked by Trevor Murphy.
5:24 of 1st period - Shot by Lukas Vejdemo.
5:24 of 1st period - Shot Misses the Net.
5:26 of 1st period - Shot by Dalton Smith.
5:26 of 1st period - Stopped by Kevin Mandolese without a rebound.
5:27 of 1st period - Blade Jenkins wins face-off versus Lukas Vejdemo in Monsters zone.
5:44 of 1st period - Shot by Lukas Vejdemo.
5:44 of 1st period - Stopped by Kevin Mandolese without a rebound.
5:45 of 1st period - TJ Hensick wins face-off versus Ryan Fitzgerald in Monsters zone.
8:15 of 1st period - Off-side.
8:16 of 1st period - Malte Stromwall wins face-off versus Max Willman in neutral zone.
8:16 of 1st period - Malte Stromwall is hit by Tim Gettinger.
8:24 of 1st period - Shot by Dalton Smith.
8:24 of 1st period - Stopped by Kevin Mandolese without a rebound.
8:25 of 1st period - Jack Badini wins face-off versus Max Willman in Monsters zone.
8:36 of 1st period - Shot by Dalton Smith.
8:36 of 1st period - Shot Blocked by Chris Bigras.
8:44 of 1st period - Shot by Chris Bigras.
8:44 of 1st period - Shot Misses the Net.
9:16 of 1st period - Shot by Linus Olund.
9:16 of 1st period - Stopped by Kevin Mandolese without a rebound.
9:17 of 1st period - TJ Hensick wins face-off versus Blade Jenkins in Monsters zone.
9:20 of 1st period - Shot by Arnaud Durandeau.
9:20 of 1st period - Shot Misses the Net.
9:54 of 1st period - Icing by Adam Ginning.
9:55 of 1st period - Blade Jenkins wins face-off versus Linus Olund in Monsters zone.
10:38 of 1st period - Dmitry Kulikov is hit by Andrew Poturalski and loses puck.
10:44 of 1st period - Nicholas Abruzzese is hit by Dmitry Kulikov and loses puck.
10:57 of 1st period - Shot by Alex Formenton.
10:57 of 1st period - Deflect By Andrew Poturalski.
10:57 of 1st period - Stopped by Philippe Desrosiers without a rebound.
10:58 of 1st period - Lukas Vejdemo wins face-off versus Max Willman in Gulls zone.
11:00 of 1st period - Icing by Mirco Mueller.
11:01 of 1st period - Max Willman wins face-off versus Lukas Vejdemo in Gulls zone.
11:37 of 1st period - Shot by Mirco Mueller.
11:37 of 1st period - Shot Misses the Net.
11:59 of 1st period - Shot by Arnaud Durandeau.
11:59 of 1st period - Shot Blocked by Chris Bigras.
12:01 of 1st period - Shot by Trevor Murphy.
12:01 of 1st period - Stopped by Kevin Mandolese without a rebound.
12:02 of 1st period - Jack Badini wins face-off versus Alex Formenton in Monsters zone.
12:15 of 1st period - Shot by Alex Formenton.
12:15 of 1st period - Stopped by Philippe Desrosiers without a rebound.
12:16 of 1st period - Blade Jenkins wins face-off versus TJ Hensick in Gulls zone.
12:24 of 1st period - Icing by Gustav Bouramman.
12:25 of 1st period - Nicholas Abruzzese wins face-off versus TJ Hensick in Gulls zone.
12:28 of 1st period - Shot by Andrew Poturalski.
12:28 of 1st period - Shot Misses the Net.
12:30 of 1st period - Shot by Dysin Mayo.
12:30 of 1st period - Goal by Dysin Mayo - Gulls : 0 - Monsters : 1.
12:31 of 1st period - Dylan Sikura wins face-off versus Nicholas Abruzzese in neutral zone.
12:35 of 1st period - Mirco Mueller is hit by Andrew Poturalski and loses puck.
12:52 of 1st period - Shot by Dylan Sikura.
12:52 of 1st period - Goal by Dylan Sikura - Gulls : 1 - Monsters : 1.
12:53 of 1st period - Max Willman wins face-off versus Lukas Vejdemo in neutral zone.
13:00 of 1st period - Shot by Dalton Smith.
13:00 of 1st period - Shot Blocked by Adam Ginning.
13:08 of 1st period - Shot by Max Willman.
13:08 of 1st period - Stopped by Philippe Desrosiers without a rebound.
13:09 of 1st period - Andrew Poturalski wins face-off versus Linus Olund in Gulls zone.
13:15 of 1st period - Andrew Poturalski is hit by Mirco Mueller and loses puck.
13:19 of 1st period - Icing by Ryan Shea.
13:20 of 1st period - Linus Olund wins face-off versus Max Willman in Gulls zone.
13:44 of 1st period - Shot by Linus Olund.
13:44 of 1st period - Stopped by Kevin Mandolese without a rebound.
13:45 of 1st period - Nicholas Abruzzese wins face-off versus Lukas Vejdemo in Monsters zone.
14:21 of 1st period - Shot by Dalton Smith.
14:21 of 1st period - Shot Misses the Net.
14:45 of 1st period - Shot by Arnaud Durandeau.
14:45 of 1st period - Shot Misses the Net.
14:47 of 1st period - Shot by Johan Sodergran.
14:47 of 1st period - Shot Hit the Post.
15:23 of 1st period - Icing by Ryan Shea.
15:24 of 1st period - Max Willman wins face-off versus Linus Olund in Gulls zone.
16:33 of 1st period - Carsen Twarynski is hit by Mathias Laferriere and loses puck.
17:02 of 1st period - Shot by Anthony Angello.
17:02 of 1st period - Shot Misses the Net.
17:09 of 1st period - Icing by Dmitry Kulikov.
17:10 of 1st period - Ryan Fitzgerald wins face-off versus Lukas Vejdemo in Gulls zone.
17:18 of 1st period - Icing by Dmitry Kulikov.
17:19 of 1st period - Lukas Vejdemo wins face-off versus Nathan Walker in Gulls zone.
17:47 of 1st period - Minor Penalty to Nathan Walker for Holding.
17:48 of 1st period - Linus Olund wins face-off versus Alex Formenton in Monsters zone.
18:21 of 1st period - Shot by Mirco Mueller.
18:21 of 1st period - Shot Blocked by Sean Day.
18:23 of 1st period - Shot by Mirco Mueller.
18:23 of 1st period - Shot Blocked by Dysin Mayo.
18:25 of 1st period - Shot by Mirco Mueller.
18:25 of 1st period - Shot Blocked by Nicholas Abruzzese.
18:40 of 1st period - Icing by Dmitry Kulikov.
18:41 of 1st period - Alex Formenton wins face-off versus Lukas Vejdemo in Gulls zone.
18:46 of 1st period - Shot by Nicholas Abruzzese.
18:46 of 1st period - Shot Misses the Net.
18:54 of 1st period - Shot by Dmitry Kulikov.
18:54 of 1st period - Shot Blocked by Adam Ginning.
18:58 of 1st period - Shot by Lucas Carlsson.
18:58 of 1st period - Shot Misses the Net.
19:00 of 1st period - Shot by Arnaud Durandeau.
19:00 of 1st period - Shot Misses the Net.
19:02 of 1st period - Shot by Lucas Carlsson.
19:02 of 1st period - Stopped by Kevin Mandolese with a rebound.
19:57 of 1st period - Icing by Trevor Murphy.
19:58 of 1st period - Blade Jenkins wins face-off versus Jack Badini in Gulls zone.
Goals for this period are 1 for Gulls vs 1 for Monsters.
Shots for this period are 10 for Gulls vs 8 for Monsters.

2nd period


0:01 of 2nd period - Lukas Vejdemo wins face-off versus Nicholas Abruzzese in neutral zone.
0:35 of 2nd period - Shot by Alex Formenton.
0:35 of 2nd period - Deflect By Nicholas Abruzzese.
0:35 of 2nd period - Shot Misses the Net.
0:37 of 2nd period - Shot by Alex Formenton.
0:37 of 2nd period - Deflect By Andrew Poturalski.
0:37 of 2nd period - Shot Blocked by Ryan Shea.
0:39 of 2nd period - Shot by Nicholas Abruzzese.
0:39 of 2nd period - Stopped by Philippe Desrosiers with a rebound.
1:06 of 2nd period - Shot by Nicolas Petan.
1:06 of 2nd period - Shot Misses the Net.
1:39 of 2nd period - Linus Olund is hit by Mason Geertsen and loses puck.
1:44 of 2nd period - Shot by Lucas Carlsson.
1:44 of 2nd period - Shot Misses the Net.
1:47 of 2nd period - Minor Penalty to Mason Geertsen for Tripping.
1:48 of 2nd period - Alex Formenton wins face-off versus Linus Olund in Monsters zone.
1:48 of 2nd period - Alex Formenton is hit by Linus Olund.
2:05 of 2nd period - Linus Olund is hit by Dysin Mayo and loses puck.
2:12 of 2nd period - Shot by Dylan Sikura.
2:12 of 2nd period - Shot Misses the Net.
2:14 of 2nd period - Shot by Dylan Sikura.
2:14 of 2nd period - Shot Misses the Net.
2:16 of 2nd period - Shot by Lucas Carlsson.
2:16 of 2nd period - Shot Hit the Post.
2:34 of 2nd period - Shot by Arnaud Durandeau.
2:34 of 2nd period - Deflect By Johan Sodergran.
2:34 of 2nd period - Stopped by Kevin Mandolese without a rebound.
2:35 of 2nd period - Max Willman wins face-off versus Linus Olund in Monsters zone.
2:46 of 2nd period - Shot by Arnaud Durandeau.
2:46 of 2nd period - Shot Misses the Net.
2:48 of 2nd period - Shot by Arnaud Durandeau.
2:48 of 2nd period - Shot Hit the Post.
2:56 of 2nd period - Shot by Linus Olund.
2:56 of 2nd period - Stopped by Kevin Mandolese with a rebound.
2:58 of 2nd period - Shot by Arnaud Durandeau.
2:58 of 2nd period - Deflect By Linus Olund.
2:58 of 2nd period - Shot Blocked by Blake Siebenaler.
3:00 of 2nd period - Shot by Lucas Carlsson.
3:00 of 2nd period - Shot Misses the Net.
3:02 of 2nd period - Shot by Johan Sodergran.
3:02 of 2nd period - Shot Misses the Net.
3:04 of 2nd period - Shot by Arnaud Durandeau.
3:04 of 2nd period - Shot Misses the Net.
3:30 of 2nd period - Shot by Trevor Murphy.
3:30 of 2nd period - Shot Misses the Net.
3:32 of 2nd period - Shot by Dylan Sikura.
3:32 of 2nd period - Stopped by Kevin Mandolese without a rebound.
3:33 of 2nd period - Max Willman wins face-off versus Dylan Sikura in Monsters zone.
3:58 of 2nd period - Shot by Carsen Twarynski.
3:58 of 2nd period - Shot Blocked by Gustav Bouramman.
4:01 of 2nd period - Minor Penalty to Carsen Twarynski for High sticking.
4:02 of 2nd period - Alex Formenton wins face-off versus Dylan Sikura in Monsters zone.
4:28 of 2nd period - Shot by Dylan Sikura.
4:28 of 2nd period - Deflect By Linus Olund.
4:28 of 2nd period - Stopped by Kevin Mandolese with a rebound.
5:16 of 2nd period - Shot by Nicholas Abruzzese.
5:16 of 2nd period - Shot Misses the Net.
5:18 of 2nd period - Shot by Mason Geertsen.
5:18 of 2nd period - Stopped by Philippe Desrosiers without a rebound.
5:19 of 2nd period - Max Willman wins face-off versus Johan Sodergran in Gulls zone.
5:20 of 2nd period - Shot by Sean Day.
5:20 of 2nd period - Stopped by Philippe Desrosiers without a rebound.
5:21 of 2nd period - Max Willman wins face-off versus Lukas Vejdemo in Gulls zone.
6:10 of 2nd period - Icing by Chris Bigras.
6:11 of 2nd period - Jack Badini wins face-off versus Ryan Fitzgerald in Monsters zone.
6:35 of 2nd period - Justin Bailey is hit by Gustav Bouramman and loses puck.
6:45 of 2nd period - Nathan Walker is hit by Gustav Bouramman and loses puck.
7:44 of 2nd period - Shot by Arnaud Durandeau.
7:44 of 2nd period - Stopped by Kevin Mandolese with a rebound.
7:46 of 2nd period - Shot by Lucas Carlsson.
7:46 of 2nd period - Shot Blocked by Blake Siebenaler.
7:48 of 2nd period - Shot by Arnaud Durandeau.
7:48 of 2nd period - Shot Hit the Post.
7:50 of 2nd period - Shot by TJ Hensick.
7:50 of 2nd period - Shot Misses the Net.
8:29 of 2nd period - Icing by Blake Siebenaler.
8:30 of 2nd period - Ryan Fitzgerald wins face-off versus Lukas Vejdemo in Monsters zone.
9:00 of 2nd period - Icing by Mathias Laferriere.
9:01 of 2nd period - Lukas Vejdemo wins face-off versus Max Willman in Gulls zone.
9:13 of 2nd period - Off-side.
9:14 of 2nd period - Linus Olund wins face-off versus Nicholas Abruzzese in neutral zone.
9:54 of 2nd period - Shot by Nicholas Abruzzese.
9:54 of 2nd period - Shot Misses the Net.
10:10 of 2nd period - Shot by Nicolas Petan.
10:10 of 2nd period - Shot Misses the Net.
10:12 of 2nd period - Shot by Adam Ginning.
10:12 of 2nd period - Shot Misses the Net.
10:14 of 2nd period - Shot by Tim Gettinger.
10:14 of 2nd period - Stopped by Philippe Desrosiers without a rebound.
10:15 of 2nd period - Lukas Vejdemo wins face-off versus Blade Jenkins in Gulls zone.
10:20 of 2nd period - Shot by Lucas Carlsson.
10:20 of 2nd period - Shot Misses the Net.
10:39 of 2nd period - Icing by Mason Geertsen.
10:40 of 2nd period - Blade Jenkins wins face-off versus TJ Hensick in Monsters zone.
11:14 of 2nd period - Shot by TJ Hensick.
11:14 of 2nd period - Shot Blocked by Mason Geertsen.
11:16 of 2nd period - Shot by Arnaud Durandeau.
11:16 of 2nd period - Deflect By TJ Hensick.
11:16 of 2nd period - Shot Misses the Net.
11:18 of 2nd period - Shot by Arnaud Durandeau.
11:18 of 2nd period - Stopped by Kevin Mandolese with a rebound.
11:40 of 2nd period - Lukas Vejdemo is hit by Anthony Angello and loses puck.
12:05 of 2nd period - Dysin Mayo is hit by Mathias Laferriere and loses puck.
12:29 of 2nd period - Shot by Dylan Sikura.
12:29 of 2nd period - Stopped by Kevin Mandolese without a rebound.
12:30 of 2nd period - Max Willman wins face-off versus Sam Kurker in Monsters zone.
12:54 of 2nd period - Shot by Dylan Sikura.
12:54 of 2nd period - Stopped by Kevin Mandolese with a rebound.
13:29 of 2nd period - TJ Hensick is hit by Dysin Mayo and loses puck.
15:24 of 2nd period - Minor Penalty to Alex Formenton for High sticking.
15:25 of 2nd period - Linus Olund wins face-off versus Nicholas Abruzzese in Monsters zone.
15:30 of 2nd period - Shot by Dylan Sikura.
15:30 of 2nd period - Stopped by Kevin Mandolese without a rebound.
15:31 of 2nd period - Andrew Poturalski wins face-off versus Linus Olund in Monsters zone.
15:58 of 2nd period - Shot by Ryan Shea.
15:58 of 2nd period - Shot Blocked by Dysin Mayo.
16:02 of 2nd period - Shot by Linus Olund.
16:02 of 2nd period - Stopped by Kevin Mandolese without a rebound.
16:03 of 2nd period - Tim Gettinger wins face-off versus Lukas Vejdemo in Monsters zone.
17:05 of 2nd period - Shot by Ryan Shea.
17:05 of 2nd period - Shot Misses the Net.
17:42 of 2nd period - Icing by Jack Badini.
17:43 of 2nd period - Max Willman wins face-off versus Jack Badini in Gulls zone.
17:51 of 2nd period - Dalton Smith is hit by Nicolas Petan and loses puck.
18:07 of 2nd period - Icing by Sean Day.
18:08 of 2nd period - Max Willman wins face-off versus TJ Hensick in Monsters zone.
18:58 of 2nd period - Anthony Angello is hit by Arnaud Durandeau and loses puck.
19:31 of 2nd period - Shot by Linus Olund.
19:31 of 2nd period - Shot Blocked by Anthony Angello.
Goals for this period are 0 for Gulls vs 0 for Monsters.
Shots for this period are 10 for Gulls vs 4 for Monsters.

3rd period


0:01 of 3rd period - Lukas Vejdemo wins face-off versus Nicholas Abruzzese in neutral zone.
0:23 of 3rd period - Shot by Alex Formenton.
0:23 of 3rd period - Stopped by Philippe Desrosiers without a rebound.
0:24 of 3rd period - Max Willman wins face-off versus Linus Olund in Gulls zone.
1:48 of 3rd period - Off-side.
1:49 of 3rd period - TJ Hensick wins face-off versus Blade Jenkins in neutral zone.
2:42 of 3rd period - Shot by Dalton Smith.
2:42 of 3rd period - Stopped by Kevin Mandolese without a rebound.
2:43 of 3rd period - Lukas Vejdemo wins face-off versus Nicholas Abruzzese in Monsters zone.
2:43 of 3rd period - Ryan Shea is hit by Mason Geertsen and loses puck.
2:52 of 3rd period - Shot by Andrew Poturalski.
2:52 of 3rd period - Stopped by Philippe Desrosiers without a rebound.
2:53 of 3rd period - Jack Badini wins face-off versus Max Willman in Gulls zone.
3:01 of 3rd period - Max Willman is hit by Mirco Mueller and loses puck.
3:10 of 3rd period - Shot by Malte Stromwall.
3:10 of 3rd period - Shot Misses the Net.
3:12 of 3rd period - Shot by Jack Badini.
3:12 of 3rd period - Shot Misses the Net.
3:14 of 3rd period - Shot by Malte Stromwall.
3:14 of 3rd period - Stopped by Kevin Mandolese without a rebound.
3:15 of 3rd period - Nicholas Abruzzese wins face-off versus Linus Olund in Monsters zone.
3:15 of 3rd period - Nicholas Abruzzese is hit by Dylan Sikura.
3:21 of 3rd period - Shot by Dylan Sikura.
3:21 of 3rd period - Shot Misses the Net.
3:24 of 3rd period - Dylan Sikura is hit by Mason Geertsen and loses puck.
3:37 of 3rd period - Shot by Nicholas Abruzzese.
3:37 of 3rd period - Stopped by Philippe Desrosiers without a rebound.
3:38 of 3rd period - Dalton Smith wins face-off versus Tim Gettinger in Gulls zone.
3:50 of 3rd period - Dysin Mayo is hit by Mirco Mueller and loses puck.
4:02 of 3rd period - Dalton Smith is hit by Tim Gettinger and loses puck.
4:11 of 3rd period - Tim Gettinger is hit by Mirco Mueller and loses puck.
4:17 of 3rd period - Sean Day is hit by Mirco Mueller and loses puck.
4:48 of 3rd period - Shot by Sam Kurker.
4:48 of 3rd period - Stopped by Kevin Mandolese without a rebound.
4:49 of 3rd period - TJ Hensick wins face-off versus Nicholas Abruzzese in Monsters zone.
4:49 of 3rd period - Arnaud Durandeau is hit by Mason Geertsen and loses puck.
5:08 of 3rd period - Shot by Nicholas Abruzzese.
5:08 of 3rd period - Stopped by Philippe Desrosiers without a rebound.
5:09 of 3rd period - Linus Olund wins face-off versus Blade Jenkins in Gulls zone.
5:13 of 3rd period - Dylan Sikura is hit by Blade Jenkins.
5:30 of 3rd period - Icing by Blake Siebenaler.
5:31 of 3rd period - Lukas Vejdemo wins face-off versus Blade Jenkins in Monsters zone.
6:11 of 3rd period - Dalton Smith is hit by Alex Formenton and loses puck.
6:26 of 3rd period - Shot by Nicholas Abruzzese.
6:26 of 3rd period - Stopped by Philippe Desrosiers without a rebound.
6:27 of 3rd period - Max Willman wins face-off versus Linus Olund in Gulls zone.
6:34 of 3rd period - Shot by Tim Gettinger.
6:34 of 3rd period - Shot Misses the Net.
7:33 of 3rd period - Arnaud Durandeau is hit by Mason Geertsen and loses puck.
7:39 of 3rd period - Icing by Mason Geertsen.
7:40 of 3rd period - Jack Badini wins face-off versus Nicholas Abruzzese in Monsters zone.
7:40 of 3rd period - Jack Badini is hit by Mason Geertsen.
7:48 of 3rd period - Shot by Dalton Smith.
7:48 of 3rd period - Shot Misses the Net.
8:28 of 3rd period - Shot by Carsen Twarynski.
8:28 of 3rd period - Stopped by Philippe Desrosiers without a rebound.
8:29 of 3rd period - Ryan Fitzgerald wins face-off versus Linus Olund in Gulls zone.
8:30 of 3rd period - Shot by Blake Siebenaler.
8:30 of 3rd period - Stopped by Philippe Desrosiers without a rebound.
8:31 of 3rd period - Linus Olund wins face-off versus Max Willman in Gulls zone.
8:36 of 3rd period - Shot by Linus Olund.
8:36 of 3rd period - Deflect By Dylan Sikura.
8:36 of 3rd period - Stopped by Kevin Mandolese without a rebound.
8:37 of 3rd period - Max Willman wins face-off versus Linus Olund in Monsters zone.
8:37 of 3rd period - Max Willman is hit by Sam Kurker.
8:50 of 3rd period - Nicolas Petan is hit by Dmitry Kulikov and loses puck.
9:17 of 3rd period - Shot by Tim Gettinger.
9:17 of 3rd period - Stopped by Philippe Desrosiers without a rebound.
9:18 of 3rd period - Lukas Vejdemo wins face-off versus Nicholas Abruzzese in Gulls zone.
9:32 of 3rd period - Icing by Lukas Vejdemo.
9:33 of 3rd period - Lukas Vejdemo wins face-off versus Blade Jenkins in Gulls zone.
9:42 of 3rd period - Shot by Dalton Smith.
9:42 of 3rd period - Deflect By Lukas Vejdemo.
9:42 of 3rd period - Stopped by Kevin Mandolese without a rebound.
9:43 of 3rd period - Nicholas Abruzzese wins face-off versus TJ Hensick in Monsters zone.
9:50 of 3rd period - Shot by Alex Formenton.
9:50 of 3rd period - Stopped by Philippe Desrosiers without a rebound.
9:51 of 3rd period - Lukas Vejdemo wins face-off versus Nicholas Abruzzese in Gulls zone.
10:00 of 3rd period - Off-side.
10:01 of 3rd period - Max Willman wins face-off versus Linus Olund in neutral zone.
10:20 of 3rd period - Icing by Adam Ginning.
10:21 of 3rd period - Max Willman wins face-off versus Mathias Laferriere in Monsters zone.
10:48 of 3rd period - Shot by Nicolas Petan.
10:48 of 3rd period - Stopped by Philippe Desrosiers without a rebound.
10:49 of 3rd period - Linus Olund wins face-off versus Nicholas Abruzzese in Gulls zone.
10:49 of 3rd period - Linus Olund is hit by Alex Formenton.
11:27 of 3rd period - Shot by Nicholas Abruzzese.
11:27 of 3rd period - Shot Misses the Net.
11:29 of 3rd period - Shot by Dysin Mayo.
11:29 of 3rd period - Shot Blocked by Lucas Carlsson.
11:38 of 3rd period - Icing by Lucas Carlsson.
11:39 of 3rd period - Linus Olund wins face-off versus Blade Jenkins in Gulls zone.
11:53 of 3rd period - Icing by Lucas Carlsson.
11:54 of 3rd period - Linus Olund wins face-off versus Max Willman in Gulls zone.
11:54 of 3rd period - Linus Olund is hit by Tim Gettinger.
12:15 of 3rd period - Nicolas Petan is hit by Mirco Mueller and loses puck.
12:35 of 3rd period - Shot by Lukas Vejdemo.
12:35 of 3rd period - Stopped by Kevin Mandolese with a rebound.
12:37 of 3rd period - Shot by Mirco Mueller.
12:37 of 3rd period - Stopped by Kevin Mandolese without a rebound.
12:38 of 3rd period - Nicholas Abruzzese wins face-off versus TJ Hensick in Monsters zone.
12:58 of 3rd period - Shot by Alex Formenton.
12:58 of 3rd period - Shot Misses the Net.
13:46 of 3rd period - Off-side.
13:47 of 3rd period - Lukas Vejdemo wins face-off versus Nicolas Petan in neutral zone.
13:47 of 3rd period - Lucas Carlsson is hit by Max Willman.
14:25 of 3rd period - Shot by Mathias Laferriere.
14:25 of 3rd period - Stopped by Kevin Mandolese without a rebound.
14:26 of 3rd period - Blade Jenkins wins face-off versus Linus Olund in Monsters zone.
14:26 of 3rd period - Blade Jenkins is hit by Sam Kurker.
14:56 of 3rd period - Shot by Sam Kurker.
14:56 of 3rd period - Stopped by Kevin Mandolese without a rebound.
14:57 of 3rd period - TJ Hensick wins face-off versus Nicholas Abruzzese in Monsters zone.
15:57 of 3rd period - Shot by Mathias Laferriere.
15:57 of 3rd period - Stopped by Kevin Mandolese without a rebound.
15:58 of 3rd period - Blade Jenkins wins face-off versus Lukas Vejdemo in Monsters zone.
16:02 of 3rd period - Blake Siebenaler is hit by Mirco Mueller and loses puck.
16:09 of 3rd period - Shot by Carsen Twarynski.
16:09 of 3rd period - Stopped by Philippe Desrosiers without a rebound.
16:10 of 3rd period - Max Willman wins face-off versus Linus Olund in Gulls zone.
16:32 of 3rd period - Icing by Mason Geertsen.
16:33 of 3rd period - Max Willman wins face-off versus Lukas Vejdemo in Monsters zone.
16:40 of 3rd period - Shot by Ryan Shea.
16:40 of 3rd period - Shot Misses the Net.
16:42 of 3rd period - Shot by Mirco Mueller.
16:42 of 3rd period - Shot Misses the Net.
16:52 of 3rd period - Shot by Dalton Smith.
16:52 of 3rd period - Stopped by Kevin Mandolese without a rebound.
16:53 of 3rd period - Linus Olund wins face-off versus Nicholas Abruzzese in Monsters zone.
17:13 of 3rd period - Shot by Nicholas Abruzzese.
17:13 of 3rd period - Shot Misses the Net.
17:15 of 3rd period - Shot by Sean Day.
17:15 of 3rd period - Stopped by Philippe Desrosiers without a rebound.
17:16 of 3rd period - Lukas Vejdemo wins face-off versus Blade Jenkins in Gulls zone.
17:16 of 3rd period - Lukas Vejdemo is hit by Anthony Angello.
17:24 of 3rd period - Shot by Blade Jenkins.
17:24 of 3rd period - Shot Blocked by Mirco Mueller.
17:38 of 3rd period - Mathias Laferriere is hit by Anthony Angello and loses puck.
17:47 of 3rd period - Shot by Carsen Twarynski.
17:47 of 3rd period - Shot Blocked by Mathias Laferriere.
17:49 of 3rd period - Shot by Blade Jenkins.
17:49 of 3rd period - Stopped by Philippe Desrosiers with a rebound.
17:51 of 3rd period - Shot by Blade Jenkins.
17:51 of 3rd period - Shot Misses the Net.
17:53 of 3rd period - Shot by Blade Jenkins.
17:53 of 3rd period - Stopped by Philippe Desrosiers without a rebound.
17:53 of 3rd period - Minor Penalty to Philippe Desrosiers for Delaying the game.
17:54 of 3rd period - Jack Badini wins face-off versus Nicholas Abruzzese in Gulls zone.
18:12 of 3rd period - Shot by Alex Formenton.
18:12 of 3rd period - Shot Blocked by Dmitry Kulikov.
18:14 of 3rd period - Shot by Nicholas Abruzzese.
18:14 of 3rd period - Stopped by Philippe Desrosiers without a rebound.
18:15 of 3rd period - Jack Badini wins face-off versus Max Willman in Gulls zone.
19:15 of 3rd period - Shot by Dysin Mayo.
19:15 of 3rd period - Stopped by Philippe Desrosiers with a rebound.
19:17 of 3rd period - Shot by Sean Day.
19:17 of 3rd period - Shot Misses the Net.
19:19 of 3rd period - Shot by Dysin Mayo.
19:19 of 3rd period - Shot Misses the Net.
19:21 of 3rd period - Shot by Dysin Mayo.
19:21 of 3rd period - Shot Misses the Net.
19:36 of 3rd period - Nicholas Abruzzese is hit by Trevor Murphy.
Goals for this period are 0 for Gulls vs 0 for Monsters.
Shots for this period are 11 for Gulls vs 16 for Monsters.

Overtime #1


0:01 of 1st overtime period - Andrew Poturalski wins face-off versus Dylan Sikura in neutral zone.
0:31 of 1st overtime period - Shot by Andrew Poturalski.
0:31 of 1st overtime period - Stopped by Philippe Desrosiers without a rebound.
0:32 of 1st overtime period - Andrew Poturalski wins face-off versus Dylan Sikura in Gulls zone.
1:22 of 1st overtime period - Shot by Lukas Vejdemo.
1:22 of 1st overtime period - Shot Misses the Net.
1:24 of 1st overtime period - Shot by Mirco Mueller.
1:24 of 1st overtime period - Goal by Mirco Mueller - Gulls : 2 - Monsters : 1.
Goals for this period are 1 for Gulls vs 0 for Monsters.
Shots for this period are 1 for Gulls vs 1 for Monsters.